 Seeded DCSS version 0.29.1-15-g9cfb28693d (webtiles) character file.

Game seed: 13264747668369602432 (custom seed)

264060 bmack86 the Slayer (level 19, -4/200 HPs)
             Began as a Minotaur Fighter on Apr 10, 2024.
             Was the Champion of Okawaru.
             Slain by an azure jelly (8 damage)
             ... on level 1 of the Pits of Slime on Apr 11, 2024.
             The game lasted 01:37:41 (29956 turns).

bmack86 the Slayer (Minotaur Fighter)              Turns: 29956, Time: 01:37:42

Health: -4/200     AC: 31    Str: 27    XL:     19   Next: 26%
Magic:  22/22      EV:  8    Int:  5    God:    Okawaru [******]
Gold:   3382       SH: 17    Dex: 12    Spells: 18/18 levels left

rFire   + . .      SeeInvis +   e - +6 broad axe (flame)
rCold   + . .      Faith    .   O - +3 warlock's mirror {reflect}
rNeg    + . .      Spirit   .   N - +1 plate armour of Anaesthesia {rPois Will+ Regen+}
rPois   +          Reflect  +   U - -2 hat of the Alchemist {rElec rPois rF+ rC+ rN+ Will+ rMut rCorr}
rElec   +          Harm     .   X - +2 cloak of the Thief {*Fog Slay-2 SInv Stlth+}
rCorr   +          Rampage  .   J - +1 pair of gloves {hurl}
rMut    +                       L - +2 pair of boots {Fly}
Will    +++..                   h - amulet of reflection
Stlth   ..........              m - +4 ring of slaying
HPRegen 1.23/turn               C - +4 ring of protection
MPRegen 0.18/turn

@: flying, studying Invocations
A: horns 2, retaliatory headbutt
}: 2/15 runes: decaying, gossamer
a: Renounce Religion, Heroism, Finesse, Duel


You were on level 1 of the Pits of Slime.
You worshipped Okawaru.
Okawaru was exalted by your worship.
You visited 7 branches of the dungeon, and saw 34 of its levels.
You also visited: Gauntlet.

You collected 3701 gold pieces.
You spent 319 gold pieces at shops.

Inventory:

Hand Weapons
 e - a +6 broad axe of flaming (weapon)
 A - a +4 antimagic broad axe
 E - a +0 spectral broad axe
Missiles
 a - 2 silver javelins
 n - a throwing net
 z - 16 curare-tipped darts
 Z - 21 javelins
Armour
 F - a +5 crystal plate armour
 H - the +4 pair of boots "Uceocvos" {Dex+4}
   (You acquired it on level 2 of the Lair of Beasts)

   Dex:       It affects your dexterity (+4).
 J - a +1 pair of gloves of hurling (worn)
 L - a +2 pair of boots of flying (worn)
 N - the +1 plate armour of Anaesthesia (worn) {rPois Will+ Regen+}
   (Okawaru gifted it to you on level 11 of the Dungeon)

   rPois:     It protects you from poison.
   Regen:     It increases your rate of health regeneration.
   Will:      It increases your willpower.
 O - the +3 warlock's mirror (worn) {reflect}
   (You acquired it on level 10 of the Dungeon)

   It can block and reflect piercing ranged attacks and magical attacks against
   the wielder's willpower.
 U - the -2 hat of the Alchemist (worn) {rElec rPois rF+ rC+ rN+ Will+ rMut rCorr}
   (You found it on level 13 of the Dungeon)

   rF:        It protects you from fire.
   rC:        It protects you from cold.
   rElec:     It insulates you from electricity.
   rPois:     It protects you from poison.
   rN:        It protects you from negative energy.
   rCorr:     It protects you from acid and corrosion.
   rMut:      It protects you from mutation.
   Will:      It increases your willpower.
 X - the +2 cloak of the Thief (worn) {*Fog Slay-2 SInv Stlth+}
   (You found it in a Gauntlet)

   It may release a thick cloud of smoke when the wearer is hurt.
   Slay:      It affects your accuracy & damage with ranged weapons and melee
   (-2).
   SInv:      It lets you see invisible.
   Stlth:     It makes you more stealthy.
Jewellery
 h - an amulet of reflection (around neck)
 l - the ring of Beogh's Brutal Revenge {rF+ rCorr}
   (You found it on level 3 of the Swamp)

   [ring of resist corrosion]

   rF:        It protects you from fire.
   rCorr:     It protects you from acid and corrosion.
 m - a +4 ring of slaying (left hand)
 o - a +6 ring of intelligence
 t - a ring of willpower
 C - a +4 ring of protection (right hand)
 G - a +4 ring of protection
 V - a +6 ring of strength
Wands
 p - a wand of roots (49)
 r - a wand of mindburst (19)
 x - a wand of paralysis (13) (quivered)
 y - a wand of polymorph (24)
 D - a wand of digging (15)
 T - a wand of acid (4)
Scrolls
 c - 4 scrolls of poison
 f - 18 scrolls of teleportation
 k - a scroll of silence
 u - 3 scrolls of blinking
 I - 3 scrolls of fear
 P - 4 scrolls of fog
 S - 3 scrolls of magic mapping
Potions
 b - 6 potions of lignification
 d - 3 potions of might
 g - 16 potions of curing
 i - a potion of haste
 j - 7 potions of mutation
 q - 16 potions of ambrosia
 s - 5 potions of heal wounds
 v - 2 potions of invisibility
 w - 2 potions of cancellation
 B - 6 potions of resistance
 K - 2 potions of berserk rage
 Q - a potion of magic
 R - 3 potions of flight


   Skills:
 * Level 24.8 Fighting
 - Level 18.3 Axes
 - Level 5.0 Throwing
 - Level 18.0 Armour
 - Level 19.1 Shields
 + Level 6.5 Invocations
 - Level 8.0 Evocations


You had 18 spell levels left.
You didn't know any spells.
Your spell library contained the following spells:

 Spells                   Type           Power      Damage    Failure   Level
 Freeze                   Ice            0%         1d3       97%         1
 Blink                    Tloc           0%         N/A       99%         2
 Sublimation of Blood     Necr           0%         N/A       99%         2
 Wereblood                Tmut           0%         N/A       99%         2
 Confusing Touch          Hex            0%         N/A       100%        3
 Frozen Ramparts          Ice            0%         1d1       100%        3
 Inner Flame              Hex/Fire       0%         N/A       100%        3
 Lesser Beckoning         Tloc           0%         N/A       100%        3
 Airstrike                Air            0%         2d(0-16)  100%        4
 Cause Fear               Hex            0%         N/A       100%        4
 Corpse Rot               Necr/Pois/Air  0%         N/A       100%        4
 Dispel Undead            Necr           0%         3d6       100%        4
 Hailstorm                Conj/Ice       0%         3d3       100%        4
 Passage of Golubria      Tloc           0%         N/A       100%        4
 Petrify                  Tmut/Erth      0%         N/A       100%        4
 Borgnjor's Vile Clutch   Necr/Erth      0%         N/A       100%        5
 Fireball                 Conj/Fire      0%         3d3       100%        5
 Freezing Cloud           Conj/Ice/Air   0%         6-21      100%        5
 Lightning Bolt           Conj/Air       0%         1d11      100%        5
 Manifold Assault         Tloc           0%         N/A       100%        5
 Metabolic Englaciation   Hex/Ice        0%         N/A       100%        5
 Silence                  Hex/Air        0%         N/A       100%        5
 Yara's Violent Unravell  Hex/Tmut       0%         3d3       100%        5
 Starburst                Conj/Fire      0%         6d3       100%        6
 Statue Form              Tmut/Erth      0%         N/A       100%        6
 Enfeeble                 Hex            0%         N/A       100%        7
 Discord                  Hex            0%         N/A       100%        8
 Ignition                 Fire           0%         3d3       100%        8
 Lehudib's Crystal Spear  Conj/Erth      0%         10d2      100%        8
 Polar Vortex             Ice            0%         N/A       100%        9
 Animate Dead             Necr           Unusable   N/A       N/A         4
 Summon Lightning Spire   Summ/Air       Unusable   N/A       N/A         4
 Death Channel            Necr           Unusable   N/A       N/A         6
 Simulacrum               Ice/Necr       Unusable   N/A       N/A         6
 Summon Hydra             Summ           Unusable   N/A       N/A         7

Dungeon Overview and Level Annotations

Branches:
Dungeon (15/15)            Temple (1/1) D:5            Lair (5/5) D:8
  Swamp (4/4) Lair:3       Spider (4/4) Lair:2        Slime (3/5) Lair:4
    Orc (2/2) D:9             Elf (0/3) Orc:2        Vaults (0/5) D:13
 Depths (0/4) D:15        Gauntlet (visited)

Altars:
Ashenzari
Cheibriados
Dithmenos
Elyvilon
Fedhas
Gozag
Hepliaklqana
Kikubaaqudgha
Makhleb
Nemelex Xobeh
Okawaru
Qazlal
Ru
Sif Muna
Trog
Uskayaw
Vehumet
Wu Jian
Xom
Yredelemnul
Zin
The Shining One

Shops:
D:8 =   Orc:1 (   Orc:2 *[!:

Annotations:
D:14 2 transporters, Tymal's ghost, journeyman GrEE


Innate Abilities, Weirdness & Mutations

You have a pair of horns on your head.
You reflexively headbutt those who attack you in melee.


Message History

You are shoved backwards!
You block the slime creature's attack.
You hit the rockslime.
You headbutt the rockslime, but do no damage.
The rockslime is moderately wounded.
You hit the slime creature. You burn the slime creature.
You block the slime creature's attack. You block the rockslime's attack.
Unknown command.
You hit the rockslime but do no damage.
You headbutt the rockslime, but do no damage.
The rockslime is moderately wounded.
You slice the slime creature!! You burn the slime creature!
You kill the slime creature!
Okawaru accepts your kill.
You closely miss the azure jelly. You block the azure jelly's attack. x2
The azure jelly hits you but does no damage. x2
The rockslime hits you!!
You hold your ground!
You slash the rockslime!
The rockslime is moderately wounded.
You slice the azure jelly!! You burn the azure jelly!
You block the azure jelly's attack. The azure jelly hits you.
* * * LOW HITPOINT WARNING * * *
The azure jelly freezes you! You resist.
* * * LOW HITPOINT WARNING * * *
The azure jelly hits you but does no damage.
You block the azure jelly's attack. The rockslime hits you!!
* * * LOW HITPOINT WARNING * * *
With a swish of your cloak, you release a cloud of fog.
You hold your ground!
You hit the rockslime but do no damage.
You headbutt the rockslime, but do no damage.
The rockslime is moderately wounded.
You slash the azure jelly! You burn the azure jelly!
You block the azure jelly's attack. The azure jelly hits you.
* * * LOW HITPOINT WARNING * * *
The azure jelly freezes you! You resist.
* * * LOW HITPOINT WARNING * * *
The azure jelly hits you but does no damage.
The azure jelly hits you!
You die...

...... ....#.
......#
.......### ## #
.........##.#.#
#.#............
.#..........#
......JJ§..##..
......§@§......
.....§§§§......
.....§§§.......
......#..##.#.#
.......... #...
........... ..#
........... ..
#...........


You could see an azure jelly and a rockslime.

Vanquished Creatures
  Nikola (Spider:3)
  Arachne (Spider:4)
  Rupert (Spider:1)
  Mlioglotl (Swamp:1)
  A tentacled monstrosity (Swamp:1)
  The ghost of 0gre the Luminary of Lethal Lore, an adept GnIE of Vehumet (Spider:4)
  3 acid blobs
  Roxanne (Swamp:3)
  4 thorn hunters
  3 rockslimes (Slime:2)
  3 fenstrider witches (Swamp:4)
  5 azure jellies
  6 emperor scorpions
  6 ghost moths
  The ghost of Suexuef the Stickfighter, an adept GrBe of Trog (Swamp:1)
  Aizul (Swamp:2)
  Louise (Spider:3)
  2 ghouls (Swamp:4)
  2 quicksilver oozes
  The ghost of croobank the Grand Scion, a journeyman DsFE of Hepliaklqana (Spider:1)
  A reaper (Swamp:4)
  4 broodmothers (Spider:2)
  The ghost of SheepSpotted the Severer, a journeyman HOGl of Beogh (D:12)
  8 eleionomae
  A stone giant (D:15)
  7 spark wasps
  3 entropy weavers
  A minotaur (Gauntlet)
  6 bunyips
  Snorg (Lair:5)
  A blizzard demon (Swamp:4)
  An ettin (D:12)
  3 boulder beetles
  A shambling mangrove (Swamp:4)
  2 great orbs of eyes (Slime:2)
  An ogre mage (D:15)
  3 spectral fenstrider witches (Swamp:1)
  2 jorogumos
  12 hydras
  5 centaur warriors
  A death knight (D:15)
  A catoblepas (Lair:1)
  9 alligators
  11 two-headed ogres
  5 radroaches
  A death scarab (Spider:2)
  A hell hog (Gauntlet)
  5 death yaks (Lair:5)
  2 tengu warriors (D:15)
  A spriggan berserker (Swamp:4)
  2 soul eaters
  7 pharaoh ants
  2 skeletal warriors (D:15)
  A sixfirhy (Gauntlet)
  3 sun moths
  3 steelbarb worms
  8 goliath frogs
  An obsidian statue (D:15)
  6 bog bodies
  A swamp dragon (Swamp:4)
  5 spriggan druids
  11 orc knights
  9 orb spiders
  2 spectral wolf spiders (Spider:3)
  8 wolf spider zombies (Spider:3)
  2 deep elf pyromancers
  4 wizards
  A fenstrider witch simulacrum (Swamp:1)
  2 deep elf zephyrmancers (Swamp:4)
  5 ugly things
  28 wolf spiders
  A necromancer (D:13)
  8 orc sorcerers
  4 cyclopes
  8 will-o-the-wisps
  3 moths of wrath
  4 manticores
  4 shining eyes
  2 spectral spriggans (Swamp:1)
  5 black mambas
  2 eyes of devastation (Slime:2)
  An orange demon (Swamp:4)
  A gargoyle (D:12)
  4 unseen horrors
  12 torpor snails
  A komodo dragon (shapeshifter) (D:14)
  A freezing wraith (D:10)
  7 komodo dragons
  16 demonic crawlers
  3 rime drakes
  4 kobold demonologists
  6 cane toads
  11 yaktaurs
  3 efreet
  A tengu conjurer (D:12)
  A spectral death drake (Swamp:1)
  9 trolls
  A hellwing (Swamp:4)
  A queen bee (Lair:1)
  6 meliai
  29 tarantellas
  5 polar bears
  3 wolf spider simulacra (Spider:3)
  8 tyrant leeches
  24 hornets
  30 slime creatures
  8 blink frogs
  16 dream sheep
  25 spriggans
  26 jumping spiders
  4 wyverns
  A yak (shapeshifter) (D:14)
  Eustachio (D:4)
  21 culicivoras
  A shadow (D:11)
  A vampire (D:13)
  4 wraiths
  3 basilisks
  5 large abominations (D:12)
  35 yaks
  4 fire bats (Gauntlet)
  4 golden eyes (Slime:2)
  A hog (shapeshifter) (D:15)
  55 redbacks
  2 steam dragons
  18 vampire mosquitoes
  3 spriggan simulacra (Swamp:1)
  3 neqoxecs (Swamp:4)
  11 wargs
  18 swamp worms
  5 acid dragons
  A death drake simulacrum (Swamp:1)
  14 water moccasins
  A swamp drake (Swamp:3)
  3 hell hounds (Gauntlet)
  An ice beast (D:5)
  43 orc warriors
  6 black bears
  24 wolves
  5 ogres
  3 boggarts (Lair:5)
  15 centaurs
  14 bullfrogs
  3 kobold brigands
  9 scorpions
  3 gnoll sergeants
  3 necrophages
  7 small abominations (D:12)
  5 wights
  24 killer bees (Lair:1)
  7 howler monkeys
  2 gnoll boudas
  2 jellies
  3 hounds
  17 orc priests
  5 iguanas
  Terence (D:2)
  17 orc wizards
  11 hell rats
  15 gnolls
  7 adders
  6 shadow imps
  A white imp (D:6)
  2 ufetubi (Gauntlet)
  3 worms
  7 dart slugs
  110 orcs
  5 ball pythons
  12 endoplasms
  2 giant cockroaches
  5 goblins
  5 hobgoblins
  5 jackals
  15 kobolds
  6 quokkas
  7 bats
  5 frilled lizards
  3 rats
  5 briar patches (Swamp:2)
  3 starspawn tentacles (Swamp:1)
1239 creatures vanquished.

Vanquished Creatures (others)
  2 bloated husks
  A briar patch (Swamp:2)
  A bush (Lair:5)
  32 foxfires
  25 fungi
  18 plants
  A starspawn tentacle (Swamp:1)
80 creatures vanquished.

Grand Total: 1319 creatures vanquished

Notes
Turn   | Place    | Note
-------+----------+-------------------------------------------
     0 | D:1      | bmack86 the Minotaur Fighter began the quest for the Orb.
     0 | D:1      | Reached XP level 1. HP: 19/19 MP: 0/0
   254 | D:1      | Reached XP level 2. HP: 15/26 MP: 1/1
   794 | D:1      | Reached XP level 3. HP: 31/31 MP: 2/2
  1287 | D:2      | Reached skill level 5 in Shields
  1543 | D:2      | Noticed Terence
  1545 | D:2      | Found a faded altar of an unknown god.
  1549 | D:2      | Killed Terence
  1550 | D:2      | Reached XP level 4. HP: 38/39 MP: 3/3
  2112 | D:4      | Found an iron altar of Okawaru.
  2115 | D:4      | Became a worshipper of Warmaster Okawaru
  2457 | D:3      | Reached skill level 5 in Axes
  2656 | D:3      | Reached XP level 5. HP: 44/45 MP: 4/4
  3098 | D:4      | Reached skill level 1 in Invocations
  3125 | D:4      | Noticed Eustachio
  3141 | D:4      | Killed Eustachio
  3142 | D:4      | Reached XP level 6. HP: 50/51 MP: 4/6
  3436 | D:4      | Reached * piety under Okawaru
  3750 | D:5      | Entered Level 5 of the Dungeon
  3789 | D:5      | Noticed an ice beast
  3794 | D:5      | Reached XP level 7. HP: 45/57 MP: 8/8
  3892 | D:5      | Found a staircase to the Ecumenical Temple.
  3915 | Temple   | Entered the Ecumenical Temple
  4489 | D:5      | Found a broken altar of Ashenzari.
  4554 | D:5      | Reached ** piety under Okawaru
  4574 | D:5      | Reached XP level 8. HP: 64/64 MP: 10/10
  4765 | D:5      | Found a blossoming altar of Fedhas.
  5032 | D:6      | Reached skill level 10 in Axes
  5032 | D:6      | Reached skill level 5 in Invocations
  5130 | D:6      | Reached *** piety under Okawaru
  5147 | D:6      | Reached XP level 9. HP: 41/70 MP: 11/11
  5284 | D:6      | Identified the +1 ring mail of the Crafting Gods {rPois
                  | Str+3 Stlth-}
  6078 | D:7      | Identified the +1 robe of Wot Jall {rC++ Dex+2}
  6083 | D:7      | Reached **** piety under Okawaru
  6351 | D:7      | Found a basalt altar of Yredelemnul.
  6620 | D:8      | Identified the +3 ring mail of the Lime {Regen+ Int+2
                  | Slay+3 Stlth+}
  6697 | D:8      | Found a staircase to the Lair.
  6954 | D:8      | Found a sparkling altar of Nemelex Xobeh.
  6995 | D:8      | Found Etoad's Jewellery Shoppe.
  7270 | D:8      | Reached skill level 15 in Axes
  7273 | D:8      | Reached XP level 10. HP: 65/77 MP: 12/12
  7528 | D:9      | Reached ***** piety under Okawaru
  7591 | D:9      | Found a shimmering blue altar of Sif Muna.
  7717 | D:9      | Found a staircase to the Orcish Mines.
  8015 | D:9      | You fall into a shaft and drop 2 floors!
  8233 | D:11     | Noticed a four-headed hydra
  8246 | D:11     | Killed a 12-headed hydra
  8246 | D:11     | Identified the +1 plate armour of Anaesthesia {rPois Will+
                  | Regen+} (Okawaru gifted it to you on level 11 of the
                  | Dungeon)
  8246 | D:11     | Received a gift from Okawaru
  8278 | D:10     | Entered Level 10 of the Dungeon
  8549 | Orc:1    | Entered Level 1 of the Orcish Mines
  8549 | Orc:1    | Noticed a two-headed ogre
  8549 | Orc:1    | Noticed an orc sorcerer
  8634 | D:10     | Identified a scroll of acquirement
  8634 | D:10     | Acquired the +3 warlock's mirror {reflect}
  8634 | D:10     | Found the +3 warlock's mirror {reflect}
  8657 | D:10     | Found an ancient bone altar of Kikubaaqudgha.
  8699 | D:10     | Noticed a cyclops
  8705 | D:10     | Killed a cyclops
  8768 | D:10     | Reached skill level 4 in Fighting
  8835 | D:10     | Reached XP level 11. HP: 66/84 MP: 13/13
  8846 | D:10     | Reached skill level 5 in Armour
  9147 | D:10     | Noticed a centaur warrior
  9158 | D:10     | Killed a centaur warrior
  9186 | D:10     | Reached skill level 5 in Fighting
  9446 | D:10     | Received a gift from Okawaru
  9473 | D:10     | Identified the ring "Tysempil" {Wiz rCorr Str-5 Int+4}
 10257 | D:12     | Reached skill level 8 in Fighting
 10257 | D:12     | Reached XP level 12. HP: 103/103 MP: 14/14
 10355 | D:12     | Reached skill level 10 in Armour
 10417 | D:12     | Reached skill level 1 in Throwing
 10428 | D:12     | Found a runed translucent gate.
 10429 | D:12     | Found a runed translucent gate.
 10430 | D:12     | Found a runed translucent gate.
 10431 | D:12     | Noticed SheepSpotted's ghost (journeyman HOGl)
 10432 | D:12     | Noticed a centaur warrior
 10435 | D:12     | Noticed an ettin
 10829 | D:12     | Reached skill level 9 in Fighting
 10849 | D:12     | Reached skill level 1 in Evocations
 10852 | D:12     | Identified the +0 plate armour of Somewhere Else {rElec
                  | Dex+5} (Okawaru gifted it to you on level 12 of the
                  | Dungeon)
 10852 | D:12     | Received a gift from Okawaru
 11147 | D:13     | Noticed a centaur warrior
 11151 | D:13     | Killed a centaur warrior
 11152 | D:13     | Reached skill level 10 in Shields
 11152 | D:13     | Reached XP level 13. HP: 102/111 MP: 15/15
 11281 | D:13     | Found the -2 hat of the Alchemist {rElec rPois rF+ rC+ rN+
                  | Will+ rMut rCorr}
 11410 | D:13     | Found a gate to the Vaults.
 11417 | D:13     | Reached skill level 10 in Fighting
 12125 | Lair:1   | Entered Level 1 of the Lair of Beasts
 12140 | Lair:1   | Received a gift from Okawaru
 12196 | Lair:1   | Found a gate leading to a gauntlet.
 12205 | Gauntlet | Entered a Gauntlet
 12205 | Gauntlet | Found a transporter.
 12206 | Gauntlet | Found a transporter.
 12208 | Gauntlet | Found a runed translucent gate.
 12210 | Gauntlet | Found a runed translucent gate.
 12210 | Gauntlet | Found a transporter.
 12210 | Gauntlet | Found a transporter.
 12210 | Gauntlet | Found the +2 cloak of the Thief {*Fog Slay-2 SInv Stlth+}
 12211 | Gauntlet | Found a runed translucent gate.
 12214 | Gauntlet | Found a transporter.
 12214 | Gauntlet | Found a transporter.
 12248 | Gauntlet | Found a transporter.
 12252 | Gauntlet | Found a transporter.
 12256 | Gauntlet | Found a runed translucent door.
 12261 | Gauntlet | Found a runed translucent door.
 12266 | Gauntlet | Found a transporter.
 12280 | Gauntlet | Found a transporter.
 12298 | Gauntlet | Found a transporter.
 12302 | Gauntlet | Found a transporter.
 12438 | Gauntlet | Reached skill level 11 in Fighting
 12538 | Gauntlet | Noticed a minotaur
 12550 | Gauntlet | Killed a minotaur
 13148 | Lair:1   | Received a gift from Okawaru
 13342 | Lair:2   | Acquired the +4 pair of boots "Uceocvos" {Dex+4}
 13459 | Lair:2   | Found a hole to the Spider Nest.
 13487 | Lair:2   | Reached XP level 14. HP: 122/125 MP: 16/16
 13608 | Lair:2   | Reached skill level 12 in Fighting
 14075 | Lair:3   | Reached skill level 5 in Throwing
 14323 | Lair:3   | Found a staircase to the Swamp.
 14747 | Lair:4   | Found a staircase to the Slime Pits.
 15058 | Lair:4   | Received a gift from Okawaru
 15354 | Lair:4   | Reached ****** piety under Okawaru
 15609 | Lair:5   | Entered Level 5 of the Lair of Beasts
 15672 | Lair:5   | Reached skill level 5 in Evocations
 15769 | Lair:5   | Noticed Snorg
 15787 | Lair:5   | Killed Snorg
 15788 | Lair:5   | Reached skill level 13 in Fighting
 15859 | Lair:5   | Received a gift from Okawaru
 16033 | Lair:5   | Received a gift from Okawaru
 16058 | Lair:5   | Identified the +4 hand axe of Eneblor {freeze, rN+ Stlth+}
                  | (Okawaru gifted it to you on level 5 of the Lair of Beasts)
 16058 | Lair:5   | Received a gift from Okawaru
 16074 | Lair:5   | Reached skill level 14 in Fighting
 16931 | Orc:1    | Reached XP level 15. HP: 138/138 MP: 17/17
 17064 | Orc:1    | Reached skill level 15 in Armour
 17229 | Orc:1    | Found Niurit's Antique Weapon Shoppe.
 17515 | Orc:2    | Entered Level 2 of the Orcish Mines
 17769 | Orc:2    | Found a staircase to the Elven Halls.
 17825 | Orc:2    | Found Kaonkup's Book Shop.
 17842 | Orc:2    | Found Jotol's Distillery.
 17870 | Orc:2    | Bought a potion of heal wounds for 55 gold pieces
 17870 | Orc:2    | Bought a potion of mutation for 88 gold pieces
 17870 | Orc:2    | Bought a potion of cancellation for 88 gold pieces
 17870 | Orc:2    | Bought a potion of curing for 33 gold pieces
 17870 | Orc:2    | Bought a potion of heal wounds for 55 gold pieces
 17962 | Orc:2    | Found Lienilil's Antique Armour Shop.
 18052 | Orc:2    | Found Notsuj's Assorted Antiques.
 18055 | Orc:2    | Identified the +1 animal skin "Xutuinor" {Regen+ rCorr}
                  | (Okawaru gifted it to you on level 2 of the Orcish Mines)
 18055 | Orc:2    | Received a gift from Okawaru
 18473 | Orc:2    | Reached skill level 15 in Fighting
 19007 | D:12     | Killed SheepSpotted's ghost
 19305 | D:14     | Found a transporter.
 19307 | D:14     | Found a transporter.
 19313 | D:14     | Found a bloodstained altar of Trog.
 19329 | D:14     | Noticed Tymal's ghost (journeyman GrEE)
 19392 | D:14     | Acquired a manual of Invocations
 19774 | D:15     | Entered Level 15 of the Dungeon
 19887 | D:15     | Found a staircase to the Depths.
 20290 | D:15     | Reached skill level 16 in Fighting
 20305 | D:15     | Received a gift from Okawaru
 20774 | Spider:1 | Entered Level 1 of the Spider Nest
 20784 | Spider:1 | Received a gift from Okawaru
 20790 | Spider:1 | Found a runed translucent door.
 20792 | Spider:1 | Noticed croobank's ghost (journeyman DsFE)
 20817 | Spider:1 | Killed croobank's ghost
 20893 | Spider:1 | Reached XP level 16. HP: 112/151 MP: 18/18
 21184 | Spider:1 | Received a gift from Okawaru
 21362 | Spider:1 | Noticed Rupert
 21375 | Spider:1 | Killed Rupert
 21813 | Spider:2 | Reached skill level 17 in Fighting
 22281 | Spider:2 | Received a gift from Okawaru
 22370 | Spider:2 | Received a gift from Okawaru
 22527 | Spider:2 | Reached skill level 18 in Fighting
 22897 | Spider:3 | Reached skill level 15 in Shields
 23071 | Spider:3 | Reached XP level 17. HP: 152/166 MP: 19/19
 23087 | Spider:3 | Noticed Louise
 23092 | Spider:3 | Identified the +0 storm dragon scales of Cukli {Rampage
                  | rElec} (Okawaru gifted it to you on level 3 of the Spider
                  | Nest)
 23092 | Spider:3 | Received a gift from Okawaru
 23104 | Spider:3 | Reached skill level 19 in Fighting
 23111 | Spider:3 | Killed Louise
 23130 | Spider:3 | Noticed Nikola
 23142 | Spider:3 | Killed Nikola
 23720 | Spider:4 | Entered Level 4 of the Spider Nest
 23720 | Spider:4 | Noticed Arachne
 23782 | Spider:4 | Killed Arachne
 23807 | Spider:4 | Identified the +1 long sword of Terror {venom, rF+ rC+}
 23891 | Spider:4 | Found a transporter.
 23895 | Spider:4 | Noticed 0gre's ghost (adept GnIE)
 24006 | Spider:4 | HP: 4/170 [radroach (32)]
 24202 | Spider:4 | Found a transporter.
 24230 | Spider:4 | Reached skill level 20 in Fighting
 24479 | Spider:4 | Identified the quicksilver dragon scales of Past Mistakes
                  | {rC+ Will+ Int+3} (Okawaru gifted it to you on level 4 of
                  | the Spider Nest)
 24479 | Spider:4 | Received a gift from Okawaru
 24931 | Spider:4 | Got a gossamer rune of Zot
 24972 | Spider:4 | Reached skill level 21 in Fighting
 25147 | Spider:4 | Killed 0gre's ghost
 25152 | Spider:4 | Identified the ring of Xom's Ringing Laughter {rC+ SInv}
 25348 | Swamp:1  | Entered Level 1 of the Swamp
 25499 | Swamp:1  | Noticed a tentacled monstrosity
 25500 | Swamp:1  | Found a runed translucent gate.
 25500 | Swamp:1  | Found a runed translucent gate.
 25500 | Swamp:1  | Found a runed translucent gate.
 25509 | Swamp:1  | Killed a tentacled monstrosity
 25610 | Swamp:1  | Noticed Mlioglotl
 25628 | Swamp:1  | Killed Mlioglotl
 25629 | Swamp:1  | Reached XP level 18. HP: 76/183 MP: 20/20
 25849 | Swamp:1  | Received a gift from Okawaru
 26047 | Swamp:1  | Noticed Suexuef's ghost (adept GrBe)
 26071 | Swamp:1  | Killed Suexuef's ghost
 26077 | Swamp:1  | Received a gift from Okawaru
 26078 | Swamp:1  | Reached skill level 22 in Fighting
 26177 | Swamp:2  | Received a gift from Okawaru
 26557 | Swamp:2  | Noticed Aizul
 26565 | Swamp:2  | Killed Aizul
 26565 | Swamp:2  | Received a gift from Okawaru
 26987 | Swamp:3  | Identified the ring of Beogh's Brutal Revenge {rF+ rCorr}
 27100 | Swamp:3  | Noticed Roxanne
 27117 | Swamp:3  | Killed Roxanne
 27354 | Swamp:4  | Entered Level 4 of the Swamp
 27388 | Swamp:4  | Reached skill level 23 in Fighting
 27459 | Swamp:4  | Received a gift from Okawaru
 27612 | Swamp:4  | Identified the +9 war axe "Paumed" {speed, *Noise rC++
                  | Dex+6} (Okawaru gifted it to you on level 4 of the Swamp)
 27612 | Swamp:4  | Received a gift from Okawaru
 28101 | Swamp:4  | Got a decaying rune of Zot
 28209 | Swamp:4  | Received a gift from Okawaru
 28225 | Swamp:4  | Reached skill level 24 in Fighting
 28325 | Swamp:4  | Received a gift from Okawaru
 28783 | Slime:1  | Entered Level 1 of the Pits of Slime
 28992 | Slime:2  | Received a gift from Okawaru
 28993 | Slime:2  | Reached XP level 19. HP: 136/198 MP: 21/21
 29956 | Slime:1  | HP: 4/200 [azure jelly (11)]
 29956 | Slime:1  | Slain by an azure jelly

Illustrated notes

Levels and vault maps discovered:
D:1:      lordsloth_arrival_two_stooges, layout_basic, nrook_campfire,
          corexii_item_surrounded_by_moat, chequers_garden
D:2:      layout_basic, ebering_ecumenical_altar_webs, uniq_terence
D:3:      layout_basic
D:4:      layout_loops_ring, kennysheep_mini,
          nicolae_concentric_dashed_squares_wild, uniq_eustachio
D:5:      layout_basic, lemuel_round_altar, fedhas_bush_and_centaur_altar,
          minmay_temple_entry_waves, minmay_between
D:6:      layout_rooms, minmay_joined_circles
D:7:      layout_basic, mainiacjoe_overflow_24_doors, st_stairs_2
D:8:      layout_basic, mainiacjoe_overflow_small_starburst, lair_entry_dummy,
          serial_shops, shop_statue
D:9:      layout_irregular_city, general_overflow_altar, david_orc_5
D:10:     nzn_winding_woodlands_medium [nzn_winding_woodlands_5x5_default,
          nzn_winding_woodlands_5x15_river_crossing,
          nzn_winding_woodlands_5x5_perimeter, nzn_winding_woodlands_5x5_three,
          nzn_winding_woodlands_center_diamonds,
          nzn_winding_woodlands_5x5_cross, nzn_winding_woodlands_5x5_default,
          nzn_winding_woodlands_5x15_longhouse,
          nzn_winding_woodlands_5x5_closed_star], layout_loops_ring,
          mainiacjoe_overflow_brackets, minmay_bent
D:11:     layout_stronghold, hex_large
D:12:     layout_long_grid, gammafunk_ghost_split, laboratory
D:13:     minmay_recursive_quarters, layout_small_grid, david_vaults_1
D:14:     layout_small_grid, gammafunk_ghost_wrathful_warriors
D:15:     grunt_enter_depths_snipers, layout_loops_ring, minmay_statue_bubble
Temple:   hellmonk_temple_of_storms
Lair:1:   layout_misc_corridors, gauntlet_entry_generic, special_room
          [special_room_bee], grunt_megastairs_2
Lair:2:   layout_regular_city, nicolae_spider_entry_orb_guardian,
          grunt_megastairs_3
Lair:3:   layout_cave_shapes, minmay_swamp_entry_swarm
Lair:4:   hellmonk_ruined_rings, layout_long_grid,
          nicolae_slime_entry_slimehenge, kennysheep_catoblepas_arena,
          grunt_megastairs_5
Lair:5:   minmay_lair_end_enchanted_forest, layout_regular_city, uniq_snorg
Swamp:1:  layout_basic_swamp, gammafunk_ghost_necromancy,
          nicolae_swamp_some_circles, swamp_pool1, uniq_mlioglotl
Swamp:2:  layout_basic_swamp, hangedman_swamp_ruin_wall, swamp_pool4, uniq_aizul
Swamp:3:  layout_basic_swamp, evilmike_swamp_ruin_rubble_1, swamp_pool2,
          uniq_roxanne
Swamp:4:  nzn_swamp_witches_coven, layout_basic_swamp
Spider:1: layout_spider_delve, gammafunk_ghost_grave, uniq_rupert
Spider:2: nicolae_spider_hilbert_zone_7 [nicolae_spider_hilbert_4_sides_1_open,
          nicolae_spider_hilbert_4_sides_1_open,
          nicolae_spider_hilbert_4_sides_1_open,
          nicolae_spider_hilbert_4_sides_1_open,
          nicolae_spider_hilbert_3_sides_1_open,
          nicolae_spider_hilbert_3_sides_1_open,
          nicolae_spider_hilbert_3_sides_1_open,
          nicolae_spider_hilbert_3_sides_1_open,
          nicolae_spider_hilbert_4_sides_1_open,
          nicolae_spider_hilbert_4_sides_1_open,
          nicolae_spider_hilbert_4_sides_1_open,
          nicolae_spider_hilbert_2_sides_1_open,
          nicolae_spider_hilbert_2_sides_1_open,
          nicolae_spider_hilbert_2_sides_1_open,
          nicolae_spider_hilbert_2_sides_1_open,
          nicolae_spider_hilbert_2_sides_1_open,
          nicolae_spider_hilbert_2_sides_1_open]
Spider:3: layout_spider_delve, nicolae_spider_undead_wolf_pack, uniq_nikola,
          uniq_louise
Spider:4: spider_rune_water, gammafunk_ghost_berserking_beasts, uniq_arachne
Slime:1:  layout_caves
Slime:2:  layout_caves, cheibrodos_slime_lost_civilization_7
Slime:3:  cheibrodos_slime_lost_civilization_3, layout_caves,
          nicolae_slime_round_cave
Orc:1:    layout_diamond_mine, serial_shops, shop, nicolae_orc_bridge_out
Orc:2:    st_orc_town, layout_caves

Skill      XL: |  1  2  3  4  5  6  7  8  9 10 11 12 13 14 15 16 17 18 19 |
---------------+----------------------------------------------------------+-----
Shields        | 4 5 6 8 9 10 11 12 13 15 17 18 19 | 19.1
Axes           | 3 4 5 6 7 9 12 15 17 18 | 18.3
Invocations    | 2 3 4 5 6 |  6.5
Armour         | 4 9 10 12 14 16 18 | 18.0
Fighting       | 4 8 9 11 14 16 18 21 24 | 24.8
Throwing       | 2 4 5 |  5.0
Evocations     | 1 4 6 7 8 |  8.0

Action                   |  1- 3 |  4- 6 |  7- 9 | 10-12 | 13-15 | 16-18 | 19-21 || total
-------------------------+-------+-------+-------+-------+-------+-------+-------++-------
Melee: War axe           |    61 |   101 |   224 |   318 |   566 |       |       ||  1270
       Headbutt          |    10 |    16 |    39 |    63 |   264 |   334 |    46 ||   772
       Broad axe         |       |       |       |       |   547 |  1206 |    98 ||  1851
Throw: Dart              |     2 |       |     1 |     6 |       |       |       ||     9
Invok: Heroism           |       |       |     1 |     5 |    16 |     3 |     1 ||    26
       Finesse           |       |       |       |     3 |    12 |     3 |     2 ||    20
Evoke: Wand              |       |       |       |       |     2 |     6 |       ||     8
  Use: Scroll            |       |    10 |     9 |    10 |    15 |     5 |       ||    49
       Potion            |       |       |       |     1 |     2 |     4 |     2 ||     9
 Stab: Petrified         |       |       |       |       |     7 |       |       ||     7
       Paralysed         |       |       |       |       |     2 |    10 |       ||    12
       Held in net/web   |       |       |       |       |       |     1 |       ||     1
Armor: Scale mail        |    31 |       |    37 |       |       |       |       ||    68
       Chain mail        |       |    58 |    48 |       |       |       |       ||   106
       Ring mail         |       |       |     9 |    51 |       |       |       ||    60
       Plate armour      |       |       |       |   127 |   603 |   825 |    93 ||  1648
Dodge: Dodged            |    25 |    26 |    52 |    81 |   278 |   298 |    35 ||   795
Block: Buckler           |    18 |    37 |   116 |   180 |   869 |  1058 |    83 ||  2361
       Reflection        |       |       |     9 |    15 |    37 |    50 |     4 ||   115
